 Dungeon Crawl Stone Soup version 0.31-a0-986-g5e6e4ef867 (webtiles) character file.

Game seed: 2547218376192789855

1501 ytrimaz the Blocker (level 9, -1/64 HPs)
             Began as a Formicid Fighter on Nov 17, 2023.
             Was a Follower of Okawaru.
             Killed by divine providence
             ... invoked by Jeremiah
              (13 damage)
             ... on level 6 of the Dungeon.
             The game lasted 00:06:51 (4792 turns).

ytrimaz the Blocker (Formicid Fighter)              Turns: 4792, Time: 00:06:52

Health: -1/64      AC: 13    Str: 22    XL:     9   Next: 8%
Magic:  8/9        EV: 10    Int:  7    God:    Okawaru [*.....]
Gold:   182        SH:  7    Dex: 17    Spells: 8/8 levels left

rFire   . . .        a - +1 war axe
rCold   . . .        c - +0 buckler
rNeg    + . .        k - +3 ring mail
rPois   .            (helmet unavailable)
rElec   .            (no cloak)
rCorr   .            (no gloves)
SInv    +            n - +0 pair of boots
Will    .....        (no amulet)
Stlth   +            r - ring of wizardry
HPRegen 0.30/turn    v - ring of positive energy
MPRegen 0.11/turn

%: clarity, wizardry (x1)
@: no status effects
A: permanent stasis, dig shafts and tunnels, antennae 3, four strong arms,
iridescent scales 2, clarity
a: Dig, Shaft Self, Renounce Religion, Heroism


You were on level 6 of the Dungeon.
You worshipped Okawaru.
Okawaru was aware of your devotion.
You visited 2 branches of the dungeon, and saw 7 of its levels.
You also visited: Ossuary.

You collected 182 gold pieces.


Innate Abilities, Weirdness & Mutations

You cannot be hasted, slowed, berserked, paralysed or teleported.
You can dig through walls and to a lower floor.
You have a pair of large antennae on your head. (SInv)
Your four strong arms can wield two-handed weapons with a shield.
You are mostly covered in iridescent scales. (AC +4)
You possess an exceptional clarity of mind.


   Skills:
 - Level 3.2 Fighting
 + Level 7.8 Axes
 - Level 3.2 Armour
 + Level 10.6 Shields


You had 8 spell levels left.
You didn't know any spells.
Your spell library contained the following spells:

 Spells                   Type           Power      Damage    Failure   Level
 Magic Dart               Conj           0%         1d3       32%         1
 Ignite Poison            Fire/Tmut/Pois 0%         N/A       65%         3
 Mephitic Cloud           Conj/Pois/Air  0%         N/A       65%         3
 Sticky Flame             Conj/Fire      0%         2d3       96%         4
 Ignition                 Fire           0%         3d3       100%        8
 Call Imp                 Summ           Unusable   N/A       N/A         2

Inventory:

Hand Weapons
 a - a +1 war axe (weapon)
Armour
 c - a +0 buckler (worn)
 k - a +3 ring mail (worn)
   (You found it on level 2 of the Dungeon)
 n - a +0 pair of boots (worn)
   (You found it on level 2 of the Dungeon)
Jewellery
 r - a ring of wizardry (left hand)
   (You found it on level 4 of the Dungeon)
 v - a ring of positive energy (right hand)
   (You found it on level 5 of the Dungeon)
Wands
 u - a wand of iceblast (8)
   (You found it on level 5 of the Dungeon)
 w - a wand of flame (16)
   (You took it off a kobold on level 6 of the Dungeon)
Scrolls
 f - 2 scrolls of noise
 h - a scroll of blinking
 i - 4 scrolls of enchant weapon
 l - 2 scrolls of fear
 m - 2 scrolls of brand weapon
 p - 2 scrolls of amnesia
 q - a scroll of revelation {unknown}
 s - 2 scrolls of teleportation {unknown}
 t - a scroll of vulnerability {unknown}
 x - a scroll of enchant armour {unknown}
Potions
 b - 3 potions of curing
 d - a potion of enlightenment {unknown}
 e - a potion of brilliance
 g - 3 potions of mutation
 j - 2 potions of resistance
 o - a potion of lignification

Dungeon Overview and Level Annotations

Branches:
Dungeon (6/15) Zot: 26756  Temple (1/1) D:4 Zot: 5983 Ossuary (visited)

Altars:
Ashenzari
Cheibriados
Dithmenos
Elyvilon
Fedhas
Gozag
Hepliaklqana
Nemelex Xobeh
Okawaru
Qazlal
Ru
Sif Muna
Trog
Vehumet
Wu Jian
Xom
Zin
The Shining One

Portals:
Abyss: D:5

Annotations:
D:5 2 transporters, croobank's ghost, novice OpFE
D:6 Jeremiah

## #.. ###
#..###{.
#......#
#.....#
#....b########
, #b$@#{...#
##.bbFb..##
##.bb###.##
#b.bb# ##.##
#.###.#
##.########
#.# #.#
##......## #.#
#### ###>.....
#.. #.#
####... ..
##.###### ##..


You could see Jeremiah.


Message History

You kill the shadow imp!
Okawaru accepts your kill.
Jeremiah hits you but does no damage. 😮 HP[+1]
You miss the butterfly. You block Jeremiah's attack.
Jeremiah hits you but does no damage.
Unknown command.
You closely miss the butterfly. You miss the butterfly.
You barely miss the butterfly.
The butterfly disappears in a burst of colours!
Jeremiah shouts, "O dreadful one, destroy my foe!"
Something smites you! 😮 HP[-8]
You take 8 damage, and now have 39/64 hp.
You closely miss the butterfly. You slash the butterfly!
You kill the butterfly!
The butterfly disappears in a burst of colours!
You barely miss the butterfly. You miss the butterfly.
The butterfly disappears in a burst of colours!
Jeremiah hits you from afar with a +2 vampiric trident. 😮 HP[-3]
You take 3 damage, and now have 36/64 hp.
Unknown command.
You miss the butterfly. You barely miss the butterfly. You slash the butterfly!
You kill the butterfly!
The butterfly disappears in a burst of colours! x2
You block Jeremiah's attack.
You gain the combat prowess of a mighty hero.
Jeremiah hops! 😮 MP[-2]
You lost 2 mp, and now have 7/9 mp.
You closely miss the butterfly. You hit the butterfly.
You kill the butterfly!
The butterfly disappears in a burst of colours!
You slash the butterfly!
You kill the butterfly!
The butterfly disappears in a burst of colours!
You hit the butterfly.
You kill the butterfly!
The butterfly disappears in a burst of colours!
You hit the butterfly.
You kill the butterfly!
The butterfly disappears in a burst of colours!
Jeremiah completely misses you. 😮 HP[+1]
The butterfly disappears in a burst of colours! x3
Jeremiah lets out a twisted cry.
Something smites you!
* * * LOW HITPOINT WARNING * * *
Unknown command. 😨 HP[-13]
You take 13 damage, and now have 24/64 hp.
MASSIVE DAMAGE!! (PAUSE)
You slash the butterfly!
You kill the butterfly!
The butterfly disappears in a burst of colours!
You slash the butterfly!
You kill the butterfly!
The butterfly disappears in a burst of colours!
You slash the butterfly!
You kill the butterfly!
The butterfly disappears in a burst of colours!
You miss the butterfly.
The butterfly disappears in a burst of colours! 😨 HP[+1] Unknown command.
The butterfly disappears in a burst of colours! x2
Jeremiah giggles, "Dreams, dreams, come out to play!"
You see here 9 gold pieces.
Jeremiah cries, "Fearful master, protect me!"
Something smites you!
* * * LOW HITPOINT WARNING * * *
😱 HP[-13]
You take 13 damage, and now have 12/64 hp.
MASSIVE DAMAGE!! (PAUSE) Unknown command.
You slice the butterfly!!
You kill the butterfly!
The butterfly disappears in a burst of colours!
You slash the butterfly!
You kill the butterfly!
The butterfly disappears in a burst of colours!
You miss the butterfly.
The butterfly disappears in a burst of colours!
Jeremiah barely misses you.
Unknown command.
You barely miss the butterfly.
Jeremiah hits you from afar with a +2 vampiric trident.
* * * LOW HITPOINT WARNING * * *
Unknown command.
You closely miss the butterfly. You miss the butterfly.
Jeremiah hits you but does no damage. 😱 MP[+1] Unknown command.
You feel like a meek peon again.
The butterfly disappears in a burst of colours! x2
Jeremiah cries, "Fearful master, protect me!"
Something smites you!
You die...
Jeremiah asks, "What happened?
Did... did you die?"

Skill      XL: |  1  2  3  4  5  6  7  8 |
---------------+-------------------------+-----
Shields        | 5 6 7 8 10 | 10.6
Axes           | 3 4 5 6 7 |  7.8
Fighting       | |  3.2
Armour         | |  3.2

Action                     |  1- 3 |  4- 6 |  7- 9 || total
---------------------------+-------+-------+-------++-------
  Melee: War axe           |    70 |   191 |   191 ||   452
 Invoke: Heroism           |       |       |     1 ||     1
Ability: Shaft Self        |       |       |     1 ||     1
    Use: Potion            |       |     4 |     1 ||     5
         Scroll            |       |     7 |     2 ||     9
 Armour: Scale mail        |    61 |    13 |       ||    74
         Ring mail         |       |   130 |   133 ||   263
         Skin              |       |    60 |       ||    60
  Dodge: Dodged            |    34 |    97 |    99 ||   230
  Block: Buckler           |    29 |    75 |    56 ||   160

Levels and vault maps discovered:
D:1:      saegor_arrival_simple_c, layout_rooms, minmay_tromino_v4_b
D:2:      layout_rooms
D:3:      layout_loops_ring
D:4:      layout_layer_cave, temple_green, enter_ossuary_5, uniq_robin,
          uniq_duvessa
D:5:      layout_loops_ring, grunt_gozag_statues, gammafunk_ghost_abyssal_escape
D:6:      layout_layer_cave, vehumet_altar_wand_db, grunt_ministairs_14,
          uniq_eustachio, uniq_jeremiah, uniq_grinder
Temple:   nicolae_temple_x_marks_the_god

Notes
Turn   | Place    | Note
-------+----------+-------------------------------------------
     0 | D:1      | ytrimaz the Formicid Fighter began the quest for the Orb.
     0 | D:1      | Reached XP level 1. HP: 18/18 MP: 1/1
     0 | D:1      | magus.rc [v1.9.6]
    22 | D:1      | Reached XP level 2. HP: 20/24 MP: 2/2
   238 | D:1      | Reached XP level 3. HP: 27/29 MP: 3/3
   403 | D:1      | Reached skill level 5 in Shields
   421 | D:1      | Reached skill level 3 in Axes
   510 | D:1      | Reached XP level 4. HP: 35/35 MP: 4/4
  1223 | D:3      | Reached skill level 6 in Shields
  1223 | D:3      | Reached XP level 5. HP: 19/41 MP: 5/5
  1225 | D:3      | HP: 8/41 [gnoll/+0 club[a gnoll bouda] (3)]
  1241 | D:3      | Reached skill level 4 in Axes
  1241 | D:3      | Gained mutation: You are partially covered in iridescent
                  | scales. (AC +2) [potion of mutation]
  1241 | D:3      | Gained mutation: You possess an exceptional clarity of
                  | mind. [potion of mutation]
  1241 | D:3      | Gained mutation: You are mostly covered in iridescent
                  | scales. (AC +4) [potion of mutation]
  1260 | D:3      | HP: 4/41 [gnoll/+0 flail[a gnoll bouda] (8)]
  1262 | D:3      | Reached XP level 6. HP: 5/47 MP: 6/6
  1512 | D:3      | You pick up a book of Minor Magic and begin reading...
  1512 | D:3      | You add the spells Magic Dart, Call Imp and Mephitic Cloud
                  | to your library.
  2186 | D:4      | Reached skill level 7 in Shields
  2199 | D:4      | Found a sand-covered staircase.
  2204 | Ossuary  | Entered an ossuary
  2379 | Ossuary  | Reached skill level 5 in Axes
  2427 | Ossuary  | Reached XP level 7. HP: 45/52 MP: 7/7
  2778 | D:4      | Reached skill level 8 in Shields
  2888 | D:4      | Noticed Robin
  2905 | D:4      | Killed Robin
  3030 | D:4      | Noticed Duvessa
  3031 | D:4      | Noticed Dowan
  3040 | D:4      | Killed Duvessa
  3041 | D:4      | Reached skill level 6 in Axes
  3041 | D:4      | Killed Dowan
  3042 | D:4      | Reached XP level 8. HP: 49/58 MP: 8/8
  3109 | D:4      | Identified the +0 leather armour of Unreason {rF+ Str+2
                  | Stlth+}
  3408 | D:4      | Found a staircase to the Ecumenical Temple.
  3415 | Temple   | Entered the Ecumenical Temple
  3423 | Temple   | Became a worshipper of Warmaster Okawaru
  3591 | D:5      | Entered Level 5 of the Dungeon
  3597 | D:5      | Found a one-way gate to the infinite horrors of the Abyss.
  3597 | D:5      | Noticed croobank's ghost (novice OpFE)
  3617 | D:5      | Reached skill level 9 in Shields
  3676 | D:5      | Found a transporter.
  3990 | D:5      | Reached * piety under Okawaru
  3991 | D:5      | Reached skill level 7 in Axes
  3997 | D:5      | Found an opulent altar of Gozag.
  4003 | D:5      | Reached skill level 10 in Shields
  4107 | D:5      | Found a transporter.
  4315 | D:5      | You add the spells Ignite Poison, Sticky Flame and Ignition
                  | to your library.
  4566 | D:6      | Found a radiant altar of Vehumet.
  4578 | D:6      | Reached XP level 9. HP: 48/64 MP: 9/9
  4771 | D:6      | Noticed Jeremiah
  4788 | D:6      | HP: 12/64 [Jeremiah/divine providence (13)]
  4792 | D:6      | Killed from afar by Jeremiah

Vanquished Creatures
  Duvessa (D:4)
  A water moccasin (D:5)
  An acid dragon (D:6)
  A black bear (D:5)
  2 ice beasts (D:5)
  An ogre (D:5)
  A phantom (D:5)
  An elf zombie (Ossuary)
  Dowan (D:4)
  2 centaur zombies (Ossuary)
  An orc priest (D:3)
  A gnoll bouda (D:3)
  A sleepcap (D:5)
  A human zombie (Ossuary)
  2 iguanas
  2 orc wizards (D:4)
  Robin (D:4)
  2 mummies (Ossuary)
  6 gnolls
  6 adders
  A shadow imp (D:6)
  2 white imps
  2 ufetubi (D:5)
  An adder zombie (Ossuary)
  A worm (D:2)
  5 dart slugs
  16 orcs
  5 ball pythons
  8 endoplasms
  5 giant cockroaches
  18 goblins
  14 hobgoblins
  3 jackals (D:2)
  6 kobolds
  5 quokkas
  6 bats
  4 frilled lizards
  2 goblin zombies (Ossuary)
  11 hobgoblin zombies (Ossuary)
  A jackal zombie (Ossuary)
  8 kobold zombies (Ossuary)
  8 orc zombies (Ossuary)
  5 rats
  2 rat zombies (Ossuary)
174 creatures vanquished.

Table legend:
 A = Non-vault XP
 B = Vault XP
 C = Vault XP percentage of total XP
 D = Non-vault monster count
 E = Vault monster count
 F = Vault count percentage of total count
                 A         B        C        D         E       F
            +---------+---------+-------+---------+---------+-------
      Total |    1583 |     562 |  26.2 |     119 |      55 |  31.6
            +---------+---------+-------+---------+---------+-------
        D:1 |      69 |       3 |   4.2 |      29 |       2 |   6.5
        D:2 |      43 |       0 |   0.0 |      17 |       0 |   0.0
        D:3 |     236 |       0 |   0.0 |      29 |       0 |   0.0
        D:4 |     145 |     257 |  63.9 |      21 |      13 |  38.2
        D:5 |     918 |       0 |   0.0 |      20 |       0 |   0.0
        D:6 |     172 |       1 |   0.6 |       3 |       1 |  25.0
    Ossuary |       0 |     301 | 100.0 |       0 |      39 | 100.0
            +---------+---------+-------+---------+---------+-------

Skill      XL: |  1  2  3  4  5  6  7  8 |
---------------+-------------------------+-----
Shields        | 5 6 7 8 10 | 10.6
Axes           | 3 4 5 6 7 |  7.8
Fighting       | |  3.2
Armour         | |  3.2

Action                     |  1- 3 |  4- 6 |  7- 9 || total
---------------------------+-------+-------+-------++-------
  Melee: War axe           |    70 |   191 |   191 ||   452
 Invoke: Heroism           |       |       |     1 ||     1
Ability: Shaft Self        |       |       |     1 ||     1
    Use: Potion            |       |     4 |     1 ||     5
         Scroll            |       |     7 |     2 ||     9
 Armour: Scale mail        |    61 |    13 |       ||    74
         Ring mail         |       |   130 |   133 ||   263
         Skin              |       |    60 |       ||    60
  Dodge: Dodged            |    34 |    97 |    99 ||   230
  Block: Buckler           |    29 |    75 |    56 ||   160

Illustrated notes

Table legend:
 A = Kills in this place as a percentage of kills in the entire game.
 B = Kills by you in this place as a percentage of kills by you in the entire game.
 C = Kills by friends in this place as a percentage of kills by friends in the entire game.
 D = Other kills in this place as a percentage of other kills in the entire game.
 E = Experience gained in this place as a percentage of experience gained in the entire game.
 F = Experience gained in this place divided by the number of levels of this place that you have seen.
                   A       B       C       D       E      F
               +-------+-------+-------+-------+-------+----------------------
         Total | 100.0 | 100.0 |   N/A |   N/A | 100.0 | 268.1
       Dungeon |  77.6 |  77.6 |   N/A |   N/A |  86.0 | 307.3
       Ossuary |  22.4 |  22.4 |   N/A |   N/A |  14.0 | 301.0
               +-------+-------+-------+-------+-------+----------------------

Table legend: (Time is in decaauts)
 A = Elapsed time spent in this place.
 B = Non-inter-level travel time spent in this place.
 C = Inter-level travel time spent in this place.
 D = Time resting spent in this place.
 E = Time spent auto-exploring this place.
 F = Levels seen in this place.
 G = Mean time per level.
                   A        B        C        D        E       F      G
               +--------+--------+--------+--------+--------+-----+--------+
         Total |   4917 |   4795 |    122 |      0 |   3562 |   8 |  614.6 |
       Dungeon |   4464 |   4356 |    108 |      0 |   3335 |   6 |  744.0 |
        Temple |     16 |      2 |     14 |      0 |      0 |   1 |   16.0 |
       Ossuary |    436 |    436 |      0 |      0 |    227 |   1 |  436.0 |
               +--------+--------+--------+--------+--------+-----+--------+

Top non-repeatable levels by time:
     D:4: 1008 daAuts
     D:3: 984 daAuts
     D:5: 972 daAuts
     D:1: 754 daAuts
     D:2: 502 daAuts
 Ossuary: 436 daAuts
     D:6: 243 daAuts
  Temple: 16 daAuts
